 Dungeon Crawl Stone Soup version 0.31-a0-133-gaae73658be (webtiles) character file.

Game seed: 9515362393325976401

350 rapeowns the Insei (level 7, -3/52 HPs)
             Began as a Meteoran Transmuter on June 3, 2023.
             Was a Follower of Cheibriados.
             Slain by a gnoll
             ... wielding a +0 spear
             ... led by a gnoll bouda
              (4 damage)
             ... on level 5 of the Dungeon.
             The game lasted 00:07:17 (924 turns).

rapeowns the Insei (Meteoran Transmuter)             Turns: 924, Time: 00:07:18

Health: -3/52      AC:  5    Str: 15    XL:     7   Next: 15%
Magic:  12/12      EV: 13    Int: 17    God:    Cheibriados [*.....]
Gold:   108        SH:  0    Dex: 17    Spells: 8/13 levels left

rFire   . .          .
                       - Unarmed
rCold   . . .        (no shield)
rNeg    . . .        a - +0 robe
rPois   .            j - +2 helmet
rElec   .            (no cloak)
rCorr   .            (no gloves)
SInv    .            (no boots)
Will    .....        (no amulet)
Stlth   +            (no ring)
HPRegen 0.28/turn    (no ring)
MPRegen 0.13/turn

%: no passive effects
@: hasted, glowing, quick
A: sense surroundings 1, otherworldly, glowing, explore regen, low MP 1, passive
freeze
a: Renounce Religion, Bend Time


You were on level 5 of the Dungeon.
You worshipped Cheibriados.
Cheibriados was aware of your devotion.
You visited 2 branches of the dungeon, and saw 6 of its levels.

You collected 108 gold pieces.

Inventory:

Armour
 a - a +0 robe (worn)
 j - a +2 helmet (worn)
Scrolls
 d - 3 scrolls of brand weapon
 e - 2 scrolls of teleportation
 h - a scroll of enchant weapon
 k - a scroll of poison {unknown}
Potions
 c - a potion of cancellation
 f - a potion of curing


   Skills:
 + Level 1.1 Fighting
 + Level 3.7 Dodging
 + Level 0.1 Stealth
 + Level 6.4 Unarmed Combat
 * Level 3.7 Spellcasting
 * Level 4.0 Transmutations
 * Level 1.8 Ice Magic


You had 8 spell levels left.
You knew the following spells:

 Your Spells              Type           Power      Damage    Failure   Level
a - Beastly Appendage     Tmut           34%        N/A       3%          1
b - Ice Form              Ice/Tmut       13%        N/A       43%         4

Your spell library contained the following spells:

 Spells                   Type           Power      Damage    Failure   Level
 Wereblood                Tmut           17%        N/A       4%          2
 Passwall                 Tmut/Erth      8%         N/A       11%         2
 Sandblast                Erth           6%         2d5       16%         1
 Ensorcelled Hibernation  Hex/Ice        12%        N/A       17%         2
 Spider Form              Tmut/Pois      10%        N/A       22%         3
 Stone Arrow              Conj/Erth      6%         3d7       43%         3
 Swiftness                Air            3%         N/A       43%         3


Dungeon Overview and Level Annotations

Branches:
Dungeon (5/15) Zot: 3357   Temple (1/1) D:4 Zot: 756

Altars:
Ashenzari
Cheibriados
Dithmenos
Elyvilon
Fedhas
Kikubaaqudgha
Nemelex Xobeh
Okawaru
Qazlal
Trog
Vehumet
Wu Jian
Xom
Yredelemnul
Zin


Innate Abilities, Weirdness & Mutations

You passively map a small area around you.
You are easily found by Zot.
You glow in the dark.
You regain HP and MP as you explore.
Your magical capacity is low. (-10% MP)
A frigid envelope surrounds you and freezes all who hurt you.


Message History

Your Transmutations skill increases to level 4!
The gnoll hits you but does no damage. x2
Unknown command.
You cannot move.
Unknown command.
Your attacks no longer feel as feeble.
The gnoll is no longer moving quickly.
The gnoll completely misses you. The gnoll hits you but does no damage.
An orc comes into view. It is wielding a +0 hand axe.
Unknown command.
You aren't carrying any items that you can evoke.
It was a potion of cancellation.
Your magical effects are unravelling.
You feel magically purged.
You feel less wooden.
Your +2 helmet unmelds from your body.
Your +0 robe unmelds from your body.
The gnoll is no longer moving quickly.
The gnoll hits you but does no damage. The gnoll completely misses you.
It was a potion of haste.
You feel yourself speed up.
Cheibriados forgives your accidental hurry, just this once.
The gnoll hits you from afar with a +0 spear.
* * * LOW HITPOINT WARNING * * *
The gnoll barely misses you.
It was a potion of mutation.
You feel extremely strange.
You feel less energetic.
Your skin feels very cold.
You feel better. The gnoll closely misses you. x2
The gnoll is no longer moving quickly.
The gnoll hits you with a +0 spear.
* * * LOW HITPOINT WARNING * * *
The gnoll is very cold.
The gnoll is severely wounded.
The gnoll barely misses you. The gnoll hits you with a +0 spear.
* * * LOW HITPOINT WARNING * * *
The gnoll is very cold.
The gnoll is lightly wounded.
Items here: ))) [ †.
You hit the gnoll.
The gnoll is almost dead.
The gnoll completely misses you.
The gnoll hits you from afar with a +0 spear.
You die...

, , * *#..* * *
..# ., * ..# ..
**#.####... ,
#..#..., , *
#go.. , ,**
#gg#* * ## * ###
#@# *
#..#####.#####.#
#._.........#..#
#..####.......##
# ,#........#
###........#
#.........## ,
##........# ** ,
, ##......##** ,


You could see 3 gnolls and an orc.

Vanquished Creatures
  A phantom (D:5)
  A howler monkey (D:5)
  A hound (D:5)
  A jelly (D:5)
  An orc priest (D:4)
  A gnoll bouda (D:5)
  An iguana (D:5)
  2 gnolls (D:5)
  An adder (D:5)
  A worm (D:2)
  3 dart slugs
  8 orcs (D:4)
  2 endoplasms (D:1)
  4 giant cockroaches
  6 goblins
  A hobgoblin (D:4)
  8 jackals
  4 bats
  5 frilled lizards
  A kobold (D:3)
  2 rats
55 creatures vanquished.

Notes
Turn   | Place    | Note
-------+----------+-------------------------------------------
     0 | D:1      | rapeowns the Meteoran Transmuter began the quest for the
                  | Orb.
     0 | D:1      | Reached XP level 1. HP: 16/16 MP: 5/5
    61 | D:1      | Reached XP level 2. HP: 20/23 MP: 6/6
    74 | D:1      | Reached skill level 4 in Unarmed Combat
   178 | D:1      | Reached XP level 3. HP: 27/28 MP: 6/8
   509 | D:4      | Reached XP level 4. HP: 35/35 MP: 9/9
   523 | D:4      | Reached skill level 5 in Unarmed Combat
   540 | D:4      | Learned a level 4 spell: Ice Form
   567 | D:4      | Found a staircase to the Ecumenical Temple.
   573 | Temple   | Entered the Ecumenical Temple
   661 | Temple   | Became a worshipper of Cheibriados the Contemplative
   769 | D:4      | Reached XP level 5. HP: 34/40 MP: 8/10
   794 | D:5      | Entered Level 5 of the Dungeon
   815 | D:5      | Noticed a phantom
   827 | D:5      | Killed a phantom
   828 | D:5      | Reached skill level 1 in Ice Magic
   828 | D:5      | Reached XP level 6. HP: 19/47 MP: 12/12
   833 | D:5      | Reached skill level 6 in Unarmed Combat
   872 | D:5      | Found a bloodstained altar of Trog.
   889 | D:5      | Found an ornate altar of the Wu Jian Council.
   909 | D:5      | Reached XP level 7. HP: 34/52 MP: 11/13
   916 | D:5      | Reached * piety under Cheibriados
   920 | D:5      | HP: 2/52 [gnoll/+0 spear[a gnoll bouda] (6)]
   921 | D:5      | Gained mutation: Your magical capacity is low. (-10% MP)
                  | [potion of mutation]
   921 | D:5      | Gained mutation: A frigid envelope surrounds you and
                  | freezes all who hurt you. [potion of mutation]
   924 | D:5      | Slain by a gnoll

Illustrated notes

Levels and vault maps discovered:
D:1:      dpeg_arrival_rhombus, layout_basic, ebering_ecumenical_altar_box
D:2:      layout_rooms, serial_shops, shop
D:3:      cheibrodos_old_hovel, layout_basic, amcnicky_altar_gilded,
          serial_aquarium, aquarium_bridge_square [aquarium_subvault_bridge,
          aquarium_subvault_window, aquarium_subvault_bridge,
          aquarium_subvault_wall], aquarium_window_fake, aquarium_window_fake,
          aquarium_window_2, aquarium_window_1, aquarium_view_2d,
          aquarium_view_2g, aquarium_pool_2, feat_on_display
D:4:      layout_rooms, minmay_temple_entry_hall, nicolae_nh_ransacked_shop
D:5:      layout_cave_pods, nicolae_overflow_crystal_walls,
          pdpol_wu_jian_five_deadly_venoms, fountainhead
Temple:   compressed_dpeg_triangle_lava_temple

Skill      XL: |  1  2  3  4  5  6  7 |
---------------+----------------------+-----
Unarmed Combat | 4 5 6 |  6.4
Spellcasting   | 3 |  3.7
Dodging        | 3 |  3.7
Transmutations | 3 4 |  4.0
Ice Magic      | 1 |  1.8
Fighting       | |  1.1
Stealth        | |  0.1

Action                     |  1- 3 |  4- 6 |  7- 9 || total
---------------------------+-------+-------+-------++-------
  Melee: Unarmed           |    88 |    68 |     8 ||   164
         Headbutt          |     7 |    14 |     1 ||    22
         Kick              |    10 |    20 |     4 ||    34
         Punch             |     3 |       |       ||     3
   Cast: Beastly Appendage |     9 |     8 |       ||    17
    Use: Scroll            |       |     4 |       ||     4
         Potion            |       |       |     5 ||     5
 Armour: Robe              |    19 |     6 |     2 ||    27
         Skin              |       |       |     6 ||     6
  Dodge: Dodged            |    35 |    30 |    10 ||    75

Table legend: (Time is in decaauts)
 A = Elapsed time spent in this place.
 B = Non-inter-level travel time spent in this place.
 C = Inter-level travel time spent in this place.
 D = Time resting spent in this place.
 E = Time spent auto-exploring this place.
 F = Levels seen in this place.
 G = Mean time per level.
                   A        B        C        D        E       F      G
               +--------+--------+--------+--------+--------+-----+--------+
         Total |    959 |    951 |      8 |      0 |      0 |   6 |  159.8 |
       Dungeon |    859 |    859 |      0 |      0 |      0 |   5 |  171.8 |
        Temple |     99 |     91 |      8 |      0 |      0 |   1 |   99.0 |
               +--------+--------+--------+--------+--------+-----+--------+

Top non-repeatable levels by time:
     D:4: 235 daAuts
     D:3: 167 daAuts
     D:2: 161 daAuts
     D:5: 148 daAuts
     D:1: 147 daAuts
  Temple: 99 daAuts
